 Dungeon Crawl Stone Soup version 0.29.1-2-gbd0b4ee654 (webtiles) character file.

Game seed: 8059918482518436109

72 BlackCrag the Shooter (level 4, 37/37 HPs)
             Began as a Minotaur Hunter on Oct 22, 2022.
             Quit the game on level 2 of the Dungeon on Oct 23, 2022.
             The game lasted 00:10:45 (881 turns).

BlackCrag the Shooter (Minotaur Hunter)              Turns: 881, Time: 00:10:46

Health: 37/37      AC:  8    Str: 22    XL:     4   Next: 7%
Magic:  3/3        EV: 11    Int:  6    God:
Gold:   106        SH:  0    Dex: 15    Spells: 3/3 levels left

rFire   . . .      SeeInvis .   a - +0 shortbow
rCold   . . .      Faith    .   (shield currently unavailable)
rNeg    . . .      Spirit   .   e - +0 ring mail
rPois   .          Reflect  .   (helmet restricted)
rElec   .          Harm     .   r - +2 cloak {Stlth+}
rCorr   .          Rampage  .   (no gloves)
Will    .....                   (no boots)
Stlth   ++........              (no amulet)
HPRegen 0.12/turn               j - +6 ring of strength
MPRegen 0.08/turn               (no ring)

@: no status effects
A: horns 2, retaliatory headbutt
a: no special abilities


You were on level 2 of the Dungeon.
You visited 1 branch of the dungeon, and saw 2 of its levels.

You collected 106 gold pieces.

Inventory:

Hand Weapons
 a - a +0 shortbow (weapon)
 i - a +1 dagger of venom
 o - a +0 spear
 q - a +4 quarterstaff of chaos
Missiles
 f - 3 curare-tipped darts
Armour
 c - a +0 leather armour
 e - a +0 ring mail (worn)
 r - a +2 cloak of stealth (worn)
Magical Staves
 m - a staff of cold
Jewellery
 j - a +6 ring of strength (left hand)
Scrolls
 b - a scroll of immolation
 g - a scroll of fear {unknown}
 n - a scroll of fog {unknown}
 s - a scroll of poison {unknown}
Potions
 d - a potion of heal wounds
 h - a potion of ambrosia {unknown}
 k - 2 potions of mutation {unknown}
 l - a potion of flight {unknown}
 p - 2 potions of invisibility


   Skills:
 + Level 2.8 Fighting
 + Level 5.8 Ranged Weapons
 + Level 1.0 Armour
 + Level 2.2 Dodging
 + Level 0.8 Stealth


You had 3 spell levels left.
You didn't know any spells.
Your spell library was empty.

Dungeon Overview and Level Annotations

Branches:
Dungeon (2/15)

Altars:


Innate Abilities, Weirdness & Mutations

You have a pair of horns on your head.
You reflexively headbutt those who attack you in melee.


Message History

The adder hisses angrily.
The adder is moderately wounded.
Fire: a) +0 shortbow
Press: ? - help, Q - select action, (/) - cycle Shift-Dir - straight line, f/p - adder
Aim: an adder (moderately wounded, 44% to hit)
You shoot an arrow. The arrow hits the adder.
The adder is almost dead.
Fire: a) +0 shortbow
Press: ? - help, Q - select action, (/) - cycle Shift-Dir - straight line, f/p - adder
Aim: an adder (almost dead, 44% to hit)
You shoot an arrow. The arrow hits the adder.
You kill the adder!
Your Armour skill increases to level 1!
You have reached level 4!
You feel stronger.
You see here an adder corpse.
Found 10 gold pieces.
You now have 91 gold pieces (gained 10).
Found a scroll labelled JACUOJ UTEIPRAS.
A kobold comes into view. It is wielding a +0 short sword.
The kobold shouts!
You see here a scroll labelled JACUOJ UTEIPRAS.
Fire: a) +0 shortbow
Press: ? - help, Q - select action, (/) - cycle Shift-Dir - straight line, f - kobold
Aim: a kobold, wielding a +0 short sword (55% to hit)
You shoot an arrow. The arrow hits the kobold!
You kill the kobold!
You see here a +0 short sword.
s - a scroll labelled JACUOJ UTEIPRAS You see here a +0 short sword.
You see here a +0 short sword.
Found a mace.
You see here a +0 ring mail.
Found 15 gold pieces.
You now have 106 gold pieces (gained 15).
You see here a +0 ring mail.
Save game and exit?
Welcome back, BlackCrag the Minotaur Hunter.
Press ? for a list of commands and other information.
Are you sure you want to abandon this character and quit the game? (Confirm with "yes".)

##..#.#...# # ###
########.###.## #.#
#..........# #.#
#####.###.## #.# ## #.#
#.# .# #.# #.# .# #.#
###.# .# #.# #...# .#
##.## #@### <#
####...#####.#
.####.........##.#
...........##.##.#
.####.#.#.###.##.# #
####.....#.##.##.#######
#
........###............#
#
####...#.#.##.#.)#####.#
# ##.###.# #.#..# #.# #


There were no monsters in sight!

Vanquished Creatures
  Crazy Yiuf (D:2)
  An adder (D:2)
  A dart slug (D:1)
  3 endoplasms (D:1)
  3 giant cockroaches (D:1)
  2 goblins (D:1)
  A hobgoblin (D:1)
  2 quokkas
  4 ball pythons
  6 bats
  3 frilled lizards (D:1)
  6 kobolds
  2 rats (D:1)
35 creatures vanquished.

Notes
Turn   | Place    | Note
-------+----------+-------------------------------------------
     0 | D:1      | BlackCrag the Minotaur Hunter began the quest for the Orb.
     0 | D:1      | Reached XP level 1. HP: 18/18 MP: 0/0
   129 | D:1      | Reached XP level 2. HP: 22/25 MP: 1/1
   219 | D:1      | Reached skill level 5 in Ranged Weapons
   328 | D:1      | Found a faded altar of an unknown god.
   490 | D:2      | Reached XP level 3. HP: 30/30 MP: 2/2
   621 | D:2      | Found a runed translucent door.
   622 | D:2      | Noticed Crazy Yiuf
   633 | D:2      | Killed Crazy Yiuf
   774 | D:2      | Reached skill level 1 in Armour
   774 | D:2      | Reached XP level 4. HP: 27/37 MP: 3/3
   881 | D:2      | Upgraded the game from 0.29.1-1-gd02db6906a to
                  | 0.29.1-2-gbd0b4ee654
   881 | D:2      | Quit the game

Illustrated notes

Levels and vault maps discovered:
D:1:      eino_arrival_druids_welcome, layout_loops_cross,
          shapermc_ecumenical_altar_mp_vishouse
D:2:      kennysheep_the_goblin_king, layout_loops_ring, uniq_crazy_yiuf_cottage

Skill      XL: |  1  2  3 |
---------------+----------+-----
Ranged Weapons | 5 |  5.8
Armour         | 1 |  1.0
Fighting       | |  2.8
Dodging        | |  2.2
Stealth        | |  0.8

Action                   |  1- 3 |  4- 6 || total
-------------------------+-------+-------++-------
 Fire: Shortbow          |    75 |     1 ||    76
  Use: Scroll            |     2 |       ||     2
Armor: Ring mail         |    14 |       ||    14
Dodge: Dodged            |    37 |       ||    37
